 Dungeon Crawl Stone Soup version 0.27-a0-1149-g4505690ab0 (webtiles) character file.

Game seed: 12907005703390843875

1143 HoaS the Grappler (level 8, 0/69 HPs)
             Began as a Tengu Berserker on May 12, 2021.
             Was a Priest of Trog.
             Succumbed to a killer bee's poison
             ... on level 5 of the Dungeon.
             The game lasted 00:11:59 (3730 turns).

HoaS the Grappler (Tengu Berserker)                 Turns: 3730, Time: 00:11:59

Health: 0/69       AC: 24    Str: 27    XL:     8   Next: 37%
Magic:  9/9        EV:  2    Int:  7    God:    Trog [***...]
Gold:   232        SH:  0    Dex: 13    Spells: 7/7 levels left

rFire    + . .     SeeInvis +     - Unarmed
rCold    . . .     Faith    .   (no shield)
rNeg     + + +     Spirit   .   (armour currently unavailable)
rPois    +         Reflect  .   (helmet currently unavailable)
rElec    .         Harm     .   (cloak currently unavailable)
rCorr    .         Rampage  .   (gloves currently unavailable)
Will     .....     NoTele   +   (boots unavailable)
Stlth    +.........             (no amulet)
HPRegen  0.21/turn              b - ring "Okhlyani" {rF+ Slay+3 SInv}
MPRegen  0.11/turn              c - +6 ring of strength

@: mighty, lethally poisoned (0 -> -2), tree-form
A: stationary, stasis, torment immunity, boosted hp, (beak), (talons 3), nimble
flight
a: Renounce Religion, Berserk, Trog's Hand


You were on level 5 of the Dungeon.
You worshipped Trog.
Trog was most pleased with you.
You were a tree.
You visited 1 branch of the dungeon, and saw 5 of its levels.

You collected 232 gold pieces.

Inventory:

Armour
 k - a +0 troll leather armour (melded)
Jewellery
 b - the ring "Okhlyani" (left branch) {rF+ Slay+3 SInv}
   (You acquired it on level 1 of the Dungeon)

   [ring of protection from fire]

   It affects your accuracy and damage with ranged weapons and melee attacks
   (+3).
   It protects you from fire.
   It lets you see invisible.
 c - a +6 ring of strength (right branch)
Wands
 f - a wand of charming (10)
Scrolls
 d - 3 scrolls of teleportation
 g - a scroll of enchant armour
 j - a scroll of magic mapping
Potions
 a - a potion of berserk rage {unknown}
 h - a potion of flight {unknown}
 i - a potion of lignification


   Skills:
 - Level 3.0 Fighting
 - Level 2.1 Armour
 - Level 2.1 Dodging
 + Level 11.0 Unarmed Combat


You had 7 spell levels left.
You didn't know any spells.
Your spell library was empty.

Dungeon Overview and Level Annotations

Branches:
Dungeon (5/15)
 Temple: D:4-7

Altars:
Cheibriados
Fedhas
Qazlal
Sif Muna
Uskayaw


Innate Abilities, Weirdness & Mutations

You are a tree.
Your roots penetrate the ground, keeping you stationary.
You cannot be teleported.
You are immune to unholy pain and torment.
Your maximum health is greatly increased.
Your equipment is partially melded.
((You have a beak for a mouth.))
((You have claws for feet.))
Your magical nature lets you fly swiftly and evasively.


Message History

Your peck misses the killer bee.
The killer bee is almost dead.
You feel sick. The killer bee stings you.
* * * LOW HITPOINT WARNING * * *
You are more poisoned.
The killer bee poisons you! The killer bee closely misses you.
You closely miss the killer bee.
The killer bee is almost dead.
You feel sick. The killer bee misses you.
You closely miss the killer bee.
The killer bee is almost dead.
You feel sick. The killer bee stings you.
* * * LOW HITPOINT WARNING * * *
The killer bee stings you but does no damage.
You completely miss the killer bee. Your kick misses the killer bee.
The killer bee is almost dead.
You feel sick. The killer bee misses you. The killer bee closely misses you.
You punch the killer bee!
You kill the killer bee!
Trog accepts your kill.
You feel sick.
The killer bee stings you but does no damage.
Your Unarmed Combat skill increases to level 11!
You closely miss the killer bee. You claw the killer bee.
The killer bee is moderately wounded.
You feel sick. The killer bee closely misses you. The killer bee misses you.
It was a potion of lignification.
You turn into a tree.
Your +0 troll leather armour melds into your body.
Your roots penetrate the ground.
* * * LOW HITPOINT WARNING * * *
You feel sick.
The killer bee stings you but does no damage. x2
You miss the killer bee.
The killer bee is moderately wounded.
* * * LOW HITPOINT WARNING * * *
You feel sick. The killer bee barely misses you.
You pummel the killer bee!!
You kill the killer bee!
Trog accepts your kill.
You die...

### #<# #.##########
#..........# ##########.#
..#.# ######.#.#####
$!...#.#.....# #.
#...#.#####♣#
..###.#.#.....#†##
..............oo.##
.................>#
#...#...#.#.#..†# .
#...#.#..#.#...##
#...#...#.....#.#[.#
......†.......#.#..##
..#...#o..#.#.#.#...#####


You could see 2 orcs.

Vanquished Creatures
  A troll (D:5)
  Grinder (D:3)
  A sky beast (D:5)
  A centaur (D:4)
  2 scorpions (D:5)
  2 killer bees (D:5)
  A howler monkey (D:4)
  A bullfrog zombie (D:5)
  3 orc priests (D:4)
  A hound (D:4)
  An iguana (D:5)
  2 orc wizards (D:4)
  4 adders
  3 dart slugs
  10 orcs (D:4)
  4 ball pythons
  6 bats
  8 endoplasms
  A giant cockroach (D:1)
  16 goblins
  12 hobgoblins
  8 jackals
  2 quokkas (D:3)
  3 frilled lizards
  9 kobolds
  7 rats (D:1)
110 creatures vanquished.

Vanquished Creatures (others)
  An endoplasm (D:1)
  A goblin (D:1)
  3 plants (D:4)
5 creatures vanquished.

Grand Total: 115 creatures vanquished

Notes
Turn   | Place    | Note
-------+----------+-------------------------------------------
     0 | D:1      | HoaS the Tengu Berserker began the quest for the Orb.
     0 | D:1      | Reached XP level 1. HP: 14/14 MP: 2/2
    27 | D:1      | Reached XP level 2. HP: 12/19 MP: 3/3
    46 | D:1      | Reached skill level 4 in Unarmed Combat
   442 | D:1      | Identified a scroll of acquirement
   442 | D:1      | Acquired the ring "Okhlyani" {rF+ Slay+3 SInv}
   479 | D:1      | Reached ** piety under Trog
   480 | D:1      | Reached XP level 3. HP: 20/23 MP: 4/4
   827 | D:2      | Found a faded altar of an unknown god.
   981 | D:2      | Reached skill level 5 in Unarmed Combat
  1176 | D:2      | Reached XP level 4. HP: 28/28 MP: 5/5
  1617 | D:3      | Noticed Grinder
  1623 | D:3      | Killed Grinder
  1624 | D:3      | Reached skill level 7 in Unarmed Combat
  1624 | D:3      | Gained mutation: Your magical nature lets you fly swiftly
                  | and evasively. [Tengu growth]
  1624 | D:3      | Reached XP level 5. HP: 32/32 MP: 6/6
  1624 | D:3      | Reached XP level 6. HP: 37/37 MP: 7/7
  1968 | D:4      | Reached skill level 8 in Unarmed Combat
  2404 | D:4      | Reached *** piety under Trog
  2746 | D:4      | Reached XP level 7. HP: 28/41 MP: 8/8
  2892 | D:4      | Found a shimmering blue altar of Sif Muna.
  2899 | D:4      | Found a hide-covered altar of Uskayaw.
  2905 | D:4      | Found a stormy altar of Qazlal.
  2954 | D:4      | Found a snail-covered altar of Cheibriados.
  3090 | D:4      | Reached skill level 9 in Unarmed Combat
  3236 | D:4      | Found a blossoming altar of Fedhas.
  3579 | D:5      | Entered Level 5 of the Dungeon
  3654 | D:5      | Noticed a troll
  3669 | D:5      | Killed a troll
  3670 | D:5      | Reached skill level 10 in Unarmed Combat
  3670 | D:5      | Reached XP level 8. HP: 43/46 MP: 9/9
  3724 | D:5      | HP: 2/46 [killer bee (2)]
  3727 | D:5      | Reached skill level 11 in Unarmed Combat
  3729 | D:5      | HP: 1/69 [poisoned by a killer bee]
  3730 | D:5      | Succumbed to a killer bee's poison

Illustrated notes

Levels and vault maps discovered:
D:1:      dpeg_arrival_pits, layout_rooms, lemuel_old_faithful
D:2:      layout_rooms, ebering_ecumenical_altar_rust
D:3:      layout_loops_ring, uniq_grinder
D:4:      corexii_shack_village, layout_loops_ring,
          lemuel_coloured_pillars_altar, lemuel_tele_altar,
          minmay_overflow_temple_star_quad
D:5:      cheibrodos_fzero, layout_basic, grunt_temple_overflow_holy_war,
          minmay_temple_entry_proselytizer

Skill      XL: |  1  2  3  4  5  6  7  8 |
---------------+-------------------------+-----
Unarmed Combat | 4 5 7 8 10 11 | 11.0
Fighting       | |  3.0
Armour         | |  2.1
Dodging        | |  2.1

Action                   |  1- 3 |  4- 6 |  7- 9 || total
-------------------------+-------+-------+-------++-------
Melee: Unarmed           |    64 |    58 |    67 ||   189
       Kick              |    18 |    16 |    16 ||    50
       Peck              |     7 |     6 |    17 ||    30
       Punch             |     1 |     1 |     1 ||     3
Invok: Berserk           |     1 |       |       ||     1
Evoke: Wand              |       |     1 |       ||     1
  Use: Scroll            |     5 |     2 |     1 ||     8
       Potion            |       |     1 |     2 ||     3
 Stab: Sleeping          |       |     2 |       ||     2
Armor: Animal skin       |    16 |     5 |       ||    21
       Ring mail         |       |     5 |     4 ||     9
       Troll leather arm |       |       |     2 ||     2
       Skin              |       |       |     2 ||     2
Dodge: Dodged            |    37 |    17 |    34 ||    88

Table legend: (Time is in decaauts)
 A = Elapsed time spent in this place.
 B = Non-inter-level travel time spent in this place.
 C = Inter-level travel time spent in this place.
 D = Time resting spent in this place.
 E = Time spent auto-exploring this place.
 F = Levels seen in this place.
 G = Mean time per level.
                   A        B        C        D        E       F      G
               +--------+--------+--------+--------+--------+-----+--------+
         Total |   3581 |   3456 |    125 |   1027 |   1833 |   5 |  716.2 |
       Dungeon |   3581 |   3456 |    125 |   1027 |   1833 |   5 |  716.2 |
               +--------+--------+--------+--------+--------+-----+--------+

Top non-repeatable levels by time:
     D:4: 1286 daAuts
     D:1: 780 daAuts
     D:3: 735 daAuts
     D:2: 641 daAuts
     D:5: 137 daAuts
